Map: Echo LE (Void)

Players

TorA

  • Race: Terran Terran

Bop - Winner!

  • Race: Protoss Protoss

VOD

Have the link to the VOD?

Description

Time

  • Played on: May 2, 2015, 10:52 p.m.
  • Length: 8:25
Show
View Real Time Build Order
Export as new Build Order

TorA Terran 

Build Orders: Hellion Opening 

Get SALT Encoding   

  12  0:01  SCV  
  13  0:13  SCV  
  14  0:19  Supply Depot  
  14  0:25  SCV  
  15  0:30  Refinery  
  15  0:41  SCV  
  16  0:46  Barracks  
  16  0:53  SCV  
  17  1:05  SCV  
  18  1:17  SCV  
  19  1:29  Engineering Bay  
  19  1:34  Orbital Command  
  19  1:36  Marine  
  20  1:40  Factory  
  20  1:47  Supply Depot  
  20  2:01  Barracks Reactor  
  20  2:05  SCV  
  21  2:26  SCV  
  22  2:30  Command Center  
  22  2:38  SCV  
  23  2:48  Hellion x2  
  23  2:50  SCV  
  28  2:51  Supply Depot  
  28  2:59  Factory  
  28  3:02  SCV  
  28  3:05  Refinery  
  29  3:08  Barracks Tech Lab  
  29  3:13  Hellion x2  
  29  3:15  SCV  
  35  3:27  SCV  
  35  3:39  SCV  
  35  3:40  Hellion  
  38  3:42  Hellion, Orbital Command  
  40  3:50  Cyclone  
  40  3:51  SCV  
  40  4:03  SCV  
  40  4:08  Orbital Command  
  37  4:15  SCV  
  38  4:18  Hellion x2  
  38  4:22  Cyclone, Engineering Bay  
  45  4:27  SCV  
  45  4:30  Supply Depot  
  46  4:32  Supply Depot  
  46  4:35  SCV  
  46  4:37  Starport  
  39  5:09  Widow Mine x2  
  39  5:12  Missile Turret  
  43  5:15  Missile Turret  
  43  5:18  SCV x2  
  44  5:23  Cyclone  
  45  5:30  SCV x2  
  45  5:31  Viking  
  49  5:41  Widow Mine x2  
  49  5:42  SCV x2  
  55  5:54  SCV x2  
  57  6:04  Barracks Reactor, Viking  
  57  6:06  SCV x2  
  57  6:07  Command Center  
  57  6:11  Hellion x2  
  65  6:12  Armory  
  65  6:13  Supply Depot  
  65  6:16  Refinery  
  60  6:27  Cyclone  
  60  6:28  SCV  
  57  7:00  Cyclone  
  57  7:02  Hellbat x2  
  57  7:03  SCV  
  62  7:08  Refinery  
  62  7:14  SCV  
  63  7:15  SCV  
  63  7:17  Viking x2  
  63  7:22  Orbital Command  
  64  7:24  Hellbat  
  64  7:25  Hellbat  
  64  7:29  Factory  
  68  7:31  Supply Depot  
  68  7:46  Hellbat  
  68  7:51  Cyclone  
  73  7:52  Hellbat  
Show
View Real Time Build Order
Export as new Build Order

Bop Protoss - Winner!

Build Orders:  

Get SALT Encoding   

  12  0:01  Probe  
  13  0:13  Pylon  
  13  0:18  Probe  
  14  0:31  Probe  
  15  0:36  Gateway  
  15  0:43  Probe (Chrono Boost)  
  16  0:52  Assimilator  
  16  0:54  Probe (Chrono Boost)  
  17  1:00  Probe  
  18  1:12  Probe  
  18  1:15  Pylon  
  19  1:28  Cybernetics Core  
  19  1:29  Probe  
  20  1:38  Gateway  
  20  1:44  Probe  
  21  1:55  Zealot (Chrono Boost)  
  23  2:05  Warp Gate  
  23  2:17  Probe  
  23  2:22  Adept (Chrono Boost), Pylon  
  26  2:27  Adept (Chrono Boost)  
  28  2:40  Adept (Chrono Boost)  
  30  2:51  Nexus  
  32  2:52  Adept (Chrono Boost)  
  32  3:07  Stargate  
  32  3:10  Probe  
  33  3:15  Assimilator  
  33  3:23  Probe (Chrono Boost)  
  34  3:31  Pylon  
  35  3:34  Probe (Chrono Boost)  
  36  3:41  Probe (Chrono Boost)  
  36  3:52  Mothership Core (Chrono Boost)  
  38  3:59  Assimilator  
  38  4:01  Assimilator  
  38  4:06  Probe  
  38  4:11  Probe  
  38  4:16  Phoenix (Chrono Boost)  
  41  4:18  Probe  
  41  4:23  Probe  
  43  4:30  Probe (Chrono Boost)  
  44  4:35  Phoenix (Chrono Boost)  
  47  4:41  Probe (Chrono Boost)  
  47  4:42  Probe (Chrono Boost), Twilight Council  
  48  4:49  Probe (Chrono Boost)  
  47  4:59  Phoenix (Chrono Boost)  
  41  5:19  Gateway x2  
  41  5:20  Phoenix (Chrono Boost)  
  41  5:21  Probe x2 (Chrono Boost)  
  45  5:41  Probe x2  
  45  5:42  Gateway, Phoenix  
  49  5:52  Adept  
  49  5:53  Probe, Adept  
  50  6:06  Shield Upgrade (Chrono Boost)  
  50  6:09  Robotics Facility  
  50  6:13  Probe x2, Phoenix (Chrono Boost)  
  54  6:19  Stalker  
  54  6:25  Probe x2  
  58  6:37  Probe x2  
  60  7:01  Pylon  
  60  7:05  Pylon  
  60  7:06  Gateway  
  60  7:07  Gateway  
  60  7:08  Gateway  
  60  7:15  Pylon  
  60  7:16  Pylon  
  60  7:19  Observer  
  61  7:28  Stalker x4  
  69  7:35  Templar Archives  
  69  7:40  Warp Prism (Chrono Boost)  
  69  7:42  Stalker  
  69  7:44  Probe  
  74  8:01  Adept x4  
  82  8:06  Pylon  
  81  8:16  Adept  
  81  8:17  Adept x3  
Tags
 
Add a new tag
Caveats
  • Supply blocks, unpowered buildings, or Contaminate may cause inaccurate times.
  • Supply counts are checked every 10 seconds.